 Dungeon Crawl Stone Soup version 0.30-a0-956-gcec3b41aec (webtiles) character file.

Game seed: 1859457220332901852

6279 benadryl the Grappler (level 10, -12/110 HPs)
             Began as a Troll Berserker on Mar 29, 2023.
             Was a High Priest of Trog.
             Hit by a large rock thrown by a cyclops (46 damage)
             ... on level 11 of the Dungeon.
             The game lasted 00:07:40 (8095 turns).

benadryl the Grappler (Troll Berserker)             Turns: 8095, Time: 00:07:40

Health: -12/110    AC:  7    Str: 31    XL:     10   Next: 63%
Magic:  9/9        EV:  6    Int:  3    God:    Trog [*****.]
Gold:   378        SH:  9    Dex:  9    Spells: 9/9 levels left

rFire   . . .      SeeInvis +      - Unarmed
rCold   . . .      Faith    .    F - +0 tower shield
rNeg    . . .      Spirit   .    v - +1 robe {Archmagi}
rPois   .          Reflect  .    (helmet restricted)
rElec   .          Rampage  .    C - +1 cloak
rCorr   .          Archmagi +    (gloves unavailable)
Will    +....                    (boots unavailable)
Stlth   +                        (no amulet)
HPRegen 1.18/turn                b - ring of see invisible
MPRegen 0.11/turn                y - ring of willpower

@: no status effects
A: large, unfitting armour, claws 3, regeneration 1, shaggy fur 1, tough skin 1
a: Renounce Religion, Berserk, Trog's Hand, Brothers in Arms


You were on level 11 of the Dungeon.
You worshipped Trog.
Trog was extremely pleased with you.
You visited 1 branch of the dungeon, and saw 11 of its levels.

You collected 703 gold pieces.
You spent 325 gold pieces at shops.

Inventory:

Armour
 a - a +0 animal skin
 v - a +1 robe of the Archmagi (worn)
 C - a +1 cloak (worn)
 F - a +0 tower shield (worn)
Jewellery
 b - a ring of see invisible (left claw)
 y - a ring of willpower (right claw)
 E - a ring of ice
Wands
 e - a wand of roots (6)
 l - a wand of charming (7)
 t - a wand of acid (5)
 D - a wand of polymorph (4)
Scrolls
 f - 2 scrolls of amnesia
 g - 2 scrolls of torment
 o - 3 scrolls of magic mapping
 p - 3 scrolls of immolation
 q - 9 scrolls of teleportation
 s - 3 scrolls of blinking
 u - 3 scrolls of vulnerability
 x - a scroll of fear {unknown}
 z - 6 scrolls of identify {@r1}
 B - a scroll of poison
Potions
 c - 7 potions of curing {@q1}
 d - 6 potions of flight {unknown}
 h - a potion of ambrosia {unknown}
 i - a potion of invisibility {unknown}
 j - 6 potions of lignification {unknown}
 k - 2 potions of degeneration {unknown}
 m - 3 potions of might
 n - a potion of mutation
 r - a potion of berserk rage {unknown}
 w - a potion of attraction {unknown}
 A - 2 potions of resistance {unknown}


   Skills:
 - Level 10.0 Fighting
 - Level 2.4 Dodging
 * Level 0.0 Shields
 - Level 11.9 Unarmed Combat


You had 9 spell levels left.
You didn't know any spells.
Your spell library was empty.

Dungeon Overview and Level Annotations

Branches:
Dungeon (11/15)            Temple (0/1) D:7            Lair (0/5) D:9
    Orc: D:9-12

Altars:
Ashenzari
Elyvilon
Fedhas
Gozag
Ru
Uskayaw
Yredelemnul
The Shining One

Shops:
D:1 [[?=

Annotations:
D:9 2 transporters, Palms's ghost, novice DsRe


Innate Abilities, Weirdness & Mutations

You are too large for most types of armour.
You have claws for hands.
Your natural rate of healing is unusually fast.
You are covered in fur. (AC +1)
You have tough skin. (AC +1)


Message History

You feel a strong urge to attack something.
Unknown command.
You feel your anger nearly subside.
You are no longer berserk.
You are exhausted.
You feel yourself slow down.
Search for what [Enter for "."]? shield You see here a +0 tower shield.
F - a +0 tower shield You start putting on your armour.
You continue putting on your +0 tower shield.
You feel yourself speed up.
You continue putting on your +0 tower shield. x3
You finish putting on your +0 tower shield.
You recover from your berserk rage.
Done exploring.
Done exploring.
Done exploring.
(D) Dungeon (T) Temple (L) Lair
Where to? (Enter - D:10 @ (x,y), ? - help)
There is a stone staircase leading down here.
You climb downwards.
You hear a distant snort.
Hark!
There is a gateway to a gauntlet on this level.
Find the entrance quickly before the gate is sealed!
The cyclops shouts!
There is a stone staircase leading up here.
You mangle the troll!!
The troll is severely wounded.
You block the troll's attack. The troll claws you!
You block the troll's attack.
You scratch the troll but do no damage.
The troll is severely wounded.
The cyclops throws a large rock.
The large rock hits you! You block the troll's attack. The troll claws you!
The troll claws you.
You scratch the troll but do no damage.
The troll is severely wounded.
The troll bites you!
The troll claws you. x2; The cyclops throws a large rock.
The large rock hits you!! The troll bites you. You block the troll's attack.
The troll claws you.
The cyclops throws a large rock.
The large rock hits you!!!
You die...

.## ####..
...##
###......
....##........
............C
###...........
.............
#..T.......
#<@.......
#.........
##........
##.......
..#....
#..#... #.#...
.. ..


You could see a cyclops and a troll.

Vanquished Creatures
  Erica (D:10)
  An ugly thing (D:9)
  A troll (D:9)
  A hornet (D:9)
  4 yaks (D:8)
  4 vampire mosquitoes
  An orc warrior (D:7)
  4 black bears
  2 ice beasts
  2 sky beasts
  4 centaurs
  A wolf (D:9)
  4 ogres
  3 kobold brigands
  3 bullfrogs
  A gnoll sergeant (D:8)
  3 scorpions
  3 wights (D:6)
  3 killer bees (D:8)
  4 electric eels (D:9)
  5 howler monkeys
  8 hounds
  3 jellies
  3 orc priests
  Ijyb (D:3)
  6 iguanas
  7 orc wizards
  3 gnolls (D:8)
  11 adders
  2 shadow imps (D:5)
  A white imp (D:5)
  4 dart slugs
  30 orcs
  5 endoplasms
  3 giant cockroaches
  3 goblins
  8 hobgoblins
  4 quokkas
  5 ball pythons
  3 bats (D:1)
  A frilled lizard (D:2)
  26 kobolds
  5 rats
197 creatures vanquished.

Vanquished Creatures (others)
  4 plants (D:9)
  5 toadstools (D:6)
9 creatures vanquished.

Grand Total: 206 creatures vanquished

Notes
Turn   | Place    | Note
-------+----------+-------------------------------------------
     0 | D:1      | benadryl the Troll Berserker began the quest for the Orb.
     0 | D:1      | Reached XP level 1. HP: 22/22 MP: 0/0
    58 | D:1      | Found Geovoen's Jewellery Emporium.
    61 | D:1      | Found Vifer's Magic Scroll Boutique.
    97 | D:1      | Reached XP level 2. HP: 29/29 MP: 1/1
   261 | D:1      | Found Uqauxiwi's Antique Armour Boutique.
   364 | D:1      | Found Suarchatz's Armour Shop.
   399 | D:1      | Reached skill level 4 in Unarmed Combat
   892 | D:1      | Reached ** piety under Trog
   924 | D:2      | Reached XP level 3. HP: 36/36 MP: 2/2
  1305 | D:2      | Found a faded altar of an unknown god.
  1310 | D:2      | Reached XP level 4. HP: 44/44 MP: 3/3
  1317 | D:2      | Reached skill level 5 in Unarmed Combat
  1872 | D:3      | Found a white marble altar of Elyvilon.
  2173 | D:3      | Reached XP level 5. HP: 50/50 MP: 4/4
  2183 | D:3      | Noticed Ijyb
  2193 | D:3      | Killed Ijyb
  2194 | D:3      | Reached skill level 6 in Unarmed Combat
  2775 | D:4      | Noticed a black bear
  2782 | D:4      | Reached XP level 6. HP: 59/59 MP: 5/5
  2788 | D:4      | Reached skill level 7 in Unarmed Combat
  3442 | D:4      | Noticed an ice beast
  3444 | D:4      | Killed an ice beast
  3444 | D:4      | Reached *** piety under Trog
  3445 | D:4      | Reached skill level 8 in Unarmed Combat
  3445 | D:4      | Reached XP level 7. HP: 66/66 MP: 6/6
  3504 | D:5      | Entered Level 5 of the Dungeon
  3649 | D:5      | Reached skill level 9 in Unarmed Combat
  4000 | D:5      | Reached XP level 8. HP: 74/74 MP: 7/7
  4173 | D:1      | Bought a ring of willpower for 325 gold pieces
  4338 | D:6      | Reached skill level 10 in Unarmed Combat
  4888 | D:6      | Reached skill level 5 in Fighting
  5454 | D:7      | Reached XP level 9. HP: 74/92 MP: 8/8
  5472 | D:7      | Found the +1 Delatra's gloves {ID++}
  5502 | D:7      | Reached **** piety under Trog
  5552 | D:7      | Found a staircase to the Ecumenical Temple.
  5689 | D:7      | Found a sacrificial altar of Ru.
  5691 | D:7      | Found a hide-covered altar of Uskayaw.
  5691 | D:7      | Found a basalt altar of Yredelemnul.
  5691 | D:7      | Found an opulent altar of Gozag.
  5697 | D:7      | Found a blossoming altar of Fedhas.
  5697 | D:7      | Found a broken altar of Ashenzari.
  6693 | D:9      | Noticed a troll
  6696 | D:9      | Reached XP level 10. HP: 60/107 MP: 9/9
  6909 | D:9      | Reached skill level 10 in Fighting
  6961 | D:9      | Found a transporter.
  6967 | D:9      | Noticed Palms's ghost (novice DsRe)
  7007 | D:9      | Found a transporter.
  7019 | D:9      | Found a staircase to the Lair.
  7052 | D:9      | Reached ***** piety under Trog
  7096 | D:9      | Noticed a white ugly thing
  7108 | D:9      | Killed a white ugly thing
  7139 | D:9      | Identified the +2 dagger "Axitum" {antimagic, rElec rF- rC+
                  | Dex+2}
  7404 | D:10     | Entered Level 10 of the Dungeon
  7415 | D:10     | Reached skill level 11 in Unarmed Combat
  7512 | D:10     | Found a glowing golden altar of the Shining One.
  7873 | D:10     | Noticed Erica
  7879 | D:10     | Killed Erica
  8091 | D:11     | Noticed a cyclops
  8095 | D:11     | Hit by a large rock thrown by a cyclops

Illustrated notes

Levels and vault maps discovered:
D:1:      nzn_arrival_depleted_hourglass, layout_basic, serial_shops, shop,
          nicolae_lakefront_shop, shop, nicolae_shop_advertising_works
          [nicolae_subvault_shop_adworks], minmay_pentomino_t2
D:2:      layout_basic, nicolae_ecumenical_snake_handling
D:3:      layout_loops_corners, elyvilon_altar_4, uniq_ijyb
D:4:      layout_cave_pods, hangedman_decor_riveting
D:5:      cheibrodos_thug_alley, layout_cave_pools, minmay_misc_feat_columns
D:6:      layout_basic, minmay_gold_behind_fungi
D:7:      layout_rooms, minmay_overflow_temple_hex,
          minmay_temple_entry_sparse_star, kennysheep_generic_room_6
D:8:      layout_loops_ring, chequers_ossuary_entry_cave,
          amcnicky_mini_pool_small, minmay_misc_feat_roman
D:9:      layout_gridville, erik_lair_island, serial_bayou,
          serial_bayou_shore_a, serial_bayou_lagoon_a, serial_bayou_pond_d,
          serial_bayou_shore_b, gammafunk_ghost_stat_death
D:10:     layout_long_grid, mainiacjoe_overflow_chevrons,
          grunt_decor_mini_mirrors, uniq_erica
D:11:     minmay_separated_statues, layout_cave_pods, gauntlet_entry_generic,
          uniq_harold

Skill      XL: |  1  2  3  4  5  6  7  8  9 10 |
---------------+-------------------------------+-----
Unarmed Combat | 4 5 6 8 9 10 11 | 11.9
Fighting       | 6 9 10 | 10.0
Dodging        | |  2.4

Action                     |  1- 3 |  4- 6 |  7- 9 | 10-12 || total
---------------------------+-------+-------+-------+-------++-------
  Melee: Unarmed           |    89 |    89 |   239 |    88 ||   505
         Punch             |     2 |     3 |    15 |     4 ||    24
  Throw: Throwing net      |       |       |       |     1 ||     1
 Invoke: Berserk           |       |     1 |     2 |     3 ||     6
  Evoke: Wand              |       |       |       |     2 ||     2
    Use: Scroll            |       |     8 |     4 |       ||    12
   Stab: Sleeping          |       |     1 |       |       ||     1
         Held in net/web   |       |       |       |     1 ||     1
 Armour: Animal skin       |    36 |    15 |    13 |       ||    64
         Robe              |       |       |    36 |    34 ||    70
  Dodge: Dodged            |    50 |    33 |    92 |    46 ||   221
  Block: Tower shield      |       |       |       |     4 ||     4

Table legend: (Time is in decaauts)
 A = Elapsed time spent in this place.
 B = Non-inter-level travel time spent in this place.
 C = Inter-level travel time spent in this place.
 D = Time resting spent in this place.
 E = Time spent auto-exploring this place.
 F = Levels seen in this place.
 G = Mean time per level.
                   A        B        C        D        E       F      G
               +--------+--------+--------+--------+--------+-----+--------+
         Total |   8082 |   7394 |    688 |    561 |   5752 |  11 |  734.7 |
       Dungeon |   8082 |   7394 |    688 |    561 |   5752 |  11 |  734.7 |
               +--------+--------+--------+--------+--------+-----+--------+

Top non-repeatable levels by time:
     D:3: 1065 daAuts
     D:1: 971 daAuts
     D:6: 956 daAuts
     D:8: 945 daAuts
     D:4: 895 daAuts
     D:2: 821 daAuts
    D:10: 633 daAuts
     D:9: 627 daAuts
     D:7: 602 daAuts
     D:5: 560 daAuts
    D:11: 4 daAuts
